 Dungeon Crawl Stone Soup version 0.17-a0-1642-gd4b747b (webtiles) character file.

23 Murumi the Charmwright (level 3, -3/27 HPs)
             Began as a Formicid Skald on Aug 8, 2015.
             Slain by Crazy Yiuf
             ... wielding a +4 quarterstaff of chaos
              (17 damage)
             ... on level 2 of the Dungeon.
             The game lasted 00:06:22 (1329 turns).

Murumi the Charmwright (Formicid Skald)             Turns: 1329, Time: 00:06:24

Health: -3/27      AC:  3    Str: 17    XL:     3   Next: 10%
Magic:  4/6        EV: 11    Int: 11    God:
Gold:   15         SH:  0    Dex: 10    Spells: 1 memorised, 5 levels left

rFire  . . .     SeeInvis +     a - +0 falchion
rCold  . . .     Clarity  .     b - +0 leather armour
rNeg   . . .     SustAt   .     (no shield)
rPois  .         Gourm    .     (helmet unavailable)
rElec  .         Spirit   .     (no cloak)
rCorr  .         Warding  .     (no gloves)
rMut   .         Stasis   +     (no boots)
MR     .....                    (no amulet)
Stlth  +.........               (no ring)
                                f - ring of teleportation (curse)

@: lethally poisoned (-3 -> -12), infused (expiring), not resistant to hostile
enchantments, very unstealthy
A: permanent stasis, dig shafts and tunnels, four strong arms, antennae 3
a: Dig, Shaft Self, Evoke Teleportation


You were on level 2 of the Dungeon.
You were not hungry.

You visited 1 branch of the dungeon, and saw 2 of its levels.

You collected 15 gold pieces.

Inventory:

Hand weapons
 a - a +0 falchion (weapon)
Armour
 b - a +0 leather armour (worn)
Jewellery
 f - a cursed ring of teleportation (left hand)
Scrolls
 g - a scroll of identify
Books
 c - a book of Battle

   Spells                             Type                      Level
   a - Infusion                       Charms                       1
   b - Shroud of Golubria             Charms/Translocation         2
   c - Song of Slaying                Charms                       2
   d - Spectral Weapon                Hexes/Charms                 3
   e - Regeneration                   Charms/Necromancy            3
Comestibles
 h - a meat ration


   Skills:
 - Level 2.1 Fighting
 - Level 2.0 Long Blades
 + Level 2.9 Armour
 - Level 1.1 Dodging
 - Level 2.1 Spellcasting
 - Level 3.0 Charms


You had 5 spell levels left.
You knew the following spells:

 Your Spells              Type           Power        Failure   Level  Hunger
a - Infusion              Chrm           #.....       12%         1    ##.....


Dungeon Overview and Level Annotations

Branches:
Dungeon (2/15)

Altars:
Ashenzari

Annotations:
D:2 Crazy Yiuf


Innate Abilities, Weirdness & Mutations

You are under a permanent stasis effect.
You can dig through walls and to a lower floor.
Your four strong arms can wield two-handed weapons with a shield.
You have a pair of large antennae on your head (SInv).


Message History

Crazy Yiuf says, "Leather!
You fast horse."
Crazy Yiuf hits you with a quarterstaff of chaos!
You barely miss Crazy Yiuf.
Crazy Yiuf is moderately wounded.
You feel sick. Crazy Yiuf barely misses you.
You hit Crazy Yiuf.
Crazy Yiuf is moderately wounded.
You feel sick.
Crazy Yiuf says, "Buddy fast tortoise!"
Crazy Yiuf hits you but does no damage.
You hit Crazy Yiuf.
Crazy Yiuf is heavily wounded.
You feel sick. Crazy Yiuf closely misses you.
You barely miss Crazy Yiuf.
Crazy Yiuf is heavily wounded.
Your magical infusion is running out.
You feel sick.
Crazy Yiuf hits you with a quarterstaff of chaos!
Ouch! That really hurt!
You die...

#.#.####.......
............###
#.######.##...# ##
#.##.#.# #......#
#....### ###
#####....#.. #)..###
##P#......#.P
#...g@####PP.......#..
#...##..#..P.......###
### ###.#..#.#......#
########.##.### #.# .#
#.# .. .# #


You could see Crazy Yiuf.

Vanquished Creatures
  An ooze (D:1)
  A giant cockroach (D:1)
  A goblin (D:1)
  4 hobgoblins (D:1)
  A kobold (D:1)
  A quokka (D:2)
  2 bats (D:1)
  A giant newt (D:1)
  2 jackals (D:1)
  3 rats (D:1)
17 creatures vanquished.

Notes
Turn   | Place    | Note
--------------------------------------------------------------
     0 | D:1      | Murumi the Formicid Skald began the quest for the Orb.
     0 | D:1      | Reached XP level 1. HP: 16/16 MP: 3/3
    87 | D:1      | Reached skill level 1 in Dodging
   322 | D:1      | Reached XP level 2. HP: 17/22 MP: 5/5
   882 | D:1      | Reached XP level 3. HP: 18/27 MP: 6/6
  1271 | D:2      | Found a shattered altar of Ashenzari.
  1319 | D:2      | Noticed Crazy Yiuf
  1329 | D:2      | Slain by Crazy Yiuf

Vault maps used:
D:1:      shiori_arrival_elements, hangedman_feature_mirror,
          minmay_misc_feat_diagonals
D:2:      led_sif_pool, ashenzari_altar_1, first_bread, serial_aquarium,
          aquarium_bridge_straight, aquarium_window_1, aquarium_window_2,
          aquarium_view_2b, aquarium_view_2b, aquarium_pool_split,
          minmay_bad_closet, uniq_crazy_yiuf_cottage

Action                   || total
-------------------------++-------
Melee: Falchion          ||    86
 Cast: Infusion          ||     1
 Abil: Dig               ||     1
  Use: Scroll            ||     5
       Potion            ||     1
  Eat: Bread ration      ||     1
